Match 47467504
Unlisted

Match 47467504
End
Construct Weapon Support Center
M1919 Machine Gun Team
Bazooka Squad
M1919 Machine Gun Team
Mechanized Support Center
Engineer Squad
Bazooka Squad
M3 Armored Personnel Carrier
Selects Heavy Weapons
Selects Assault Carriers
M3 Assault Carrier
Engineer Squad
Sniper
Construct Tank Depot
Selects M2HB .50cal Heavy Machine Gun
M4(105) Sherman Bulldozer
M1919 Machine Gun Team
Scout Squad
literofcola
Carecup
Vlambulance-YouTube
MrStealYourHitler
j-dude117
Soldier6432
0
0

Comments sign in to comment!

No comments posted yet!